 Dungeon Crawl Stone Soup version 0.19.1-1-g22dce08 (webtiles) character file.

4112 Peloso the Carver (level 10, -8/84 HPs)
             Began as a Ghoul Fighter on Jan 6, 2017.
             Was an Elder of Okawaru.
             Killed by divine providence
             ... invoked by an orc priest
              (11 damage)
             ... on level 7 of the Dungeon.
             The game lasted 00:24:32 (7669 turns).

Peloso the Carver (Ghoul Fighter)                   Turns: 7669, Time: 00:24:39

Health: -8/84      AC: 16    Str: 22    XL:     10   Next: 26%
Magic:  10/10      EV:  6    Int:  3    God:    Okawaru [****..]
Gold:   460        SH: 11    Dex: 14    Spells: 0 memorised, 9 levels left

rFire  . . .     SeeInvis .     a - +1 long sword
rCold  + + .     Gourm    .     q - +0 plate armour
rNeg   + + +     Faith    .     c - +0 shield
rPois  ∞         Spirit   .     y - +1 helmet
rElec  .         Reflect  .     l - +0 cloak
rCorr  .         Harm     .     (no gloves)
MR     .....                    (no boots)
Stlth  ..........               (no amulet)
                                p - +4 ring of dexterity
                                A - ring of protection from cold

@: rotting
A: rotting body, claws 1, carnivore 3, cold resistance 1, negative energy
resistance 3, slow regeneration 1, torment resistance, unbreathing
a: Heroism, Renounce Religion


You were on level 7 of the Dungeon.
You worshipped Okawaru.
Okawaru was greatly pleased with you.
You were not hungry.

You visited 1 branch of the dungeon, and saw 8 of its levels.

You collected 460 gold pieces.

Inventory:

Hand Weapons
 a - a +1 long sword (weapon)
Armour
 c - a +0 shield (worn)
 l - a +0 cloak (worn)
 q - a +0 plate armour (worn)
 u - the +1 plate armour of Bafar {Str-5 Int+4 Dex+6 SInv}
   (You found it on level 5 of the Dungeon)

   It affects your strength (-5).
   It affects your intelligence (+4).
   It affects your dexterity (+6).
   It lets you see invisible.
 y - a +1 helmet (worn)
Jewellery
 o - an uncursed ring of wizardry
 p - a +4 ring of dexterity (right claw)
 A - a ring of protection from cold (left claw)
 B - the ring "Iqociost" {rPois rF+ Int+6, unknown}
   (You found it on level 7 of the Dungeon)

   [ring of poison resistance]

   It affects your intelligence (+6).
   It protects you from fire.
   It protects you from poison.
Wands
 j - a wand of disintegration (15/24)
 m - a wand of teleportation (8/9)
 n - a wand of acid (6/15)
 x - a wand of iceblast (7/15)
 D - a wand of enslavement (19/24)
Scrolls
 e - 4 scrolls of teleportation
 h - a scroll of enchant weapon
 r - a scroll of recharging
 E - a scroll of remove curse
 F - a scroll of identify
Potions
 b - 2 potions of cancellation
 d - 5 potions of might
 g - 2 potions of flight
 i - 2 potions of haste
 t - a potion of curing
 v - a potion of agility
 z - a potion of invisibility {unknown}
Books
 w - a book of Maledictions

   Spells                             Type                      Level
   a - Corona                         Hexes                        1
   b - Ensorcelled Hibernation        Hexes/Ice                    2
   c - Confuse                        Hexes                        3
   d - Tukima's Dance                 Hexes                        3
   e - Dazzling Spray                 Conjuration/Hexes            3
Comestibles
 f - 5 meat rations
 s - 4 beef jerkies
 C - 7 slices of pizza


   Skills:
 + Level 6.6 Fighting
 + Level 9.0 Long Blades
 + Level 6.0 Armour
 + Level 2.1 Dodging
 + Level 0.5 Stealth
 + Level 6.9 Shields
 + Level 1.4 Invocations


You had 9 spell levels left.
You didn't know any spells.

Dungeon Overview and Level Annotations

Branches:
Dungeon (8/15)             Temple (0/1) D:7
   Lair: D:8-11

Altars:
Ashenzari
Dithmenos
Fedhas
Okawaru


Innate Abilities, Weirdness & Mutations

Your body is rotting away.
You thrive on raw meat.
You are immune to poison.
You have sharp fingernails.
You are carnivorous and can eat meat at any time.
Your flesh is cold resistant. (rC+)
You are immune to negative energy. (rN+++)
You regenerate slowly when monsters are visible.
You are immune to unholy pain and torment.
You can survive without breathing.


Message History

You block the orc warrior's attack.
You closely miss the orc warrior.
The orc warrior is severely wounded.
The orc priest miscasts a cantrip.
You hit the orc warrior.
The orc warrior is almost dead.
You block the orc warrior's attack.
You closely miss the orc warrior.
The orc warrior is almost dead.
You block the orc warrior's attack.
The orc priest calls down the wrath of Beogh upon you.
Beogh smites you!
* * * LOW HITPOINT WARNING * * *
You hit the orc warrior but do no damage.
The orc warrior is almost dead.
The orc warrior hits you with a glaive!
* * * LOW HITPOINT WARNING * * *
The orc priest mumbles some strange prayers to Beogh against you.
Beogh smites you!
You die...

####### #.....# #######.###.#
........###.## ##########...#
...).........###
.#######.......##################
.# #.....%oo@................ .#
#.....>.#########..####### .#
###...### #..# .# #...# #..# .#
#.### ######..# .###### #.#
#.......# ......# #># ##.#####.#
.####.# #.# ##...## #.# ### .#
#.# #.# ##.#.#.###.# #..


You could see an orc warrior and an orc priest.

Vanquished Creatures
  The ghost of Dolanko the Slasher, an amateur DrGl (D:4)
  A hippogriff (D:7)
  A yak (D:7)
  A human (D:7)
  3 hogs (D:7)
  A hungry ghost (D:7)
  Menkaure (D:6)
  An orc warrior (D:7)
  2 sky beasts
  The ghost of afaerae the Chucker, an amateur OgHu of Zin (D:3)
  2 necrophages
  2 phantoms (D:7)
  A black bear (D:6)
  2 centaurs
  3 ogres
  A big kobold (D:8)
  5 bullfrogs
  A scorpion (D:7)
  A howler monkey (D:7)
  2 crimson imps (D:6)
  A bullfrog zombie (D:5)
  A centaur zombie (D:6)
  3 hounds
  2 centaur skeletons
  A jelly (D:7)
  An orc priest (D:7)
  8 orc wizards
  A bullfrog skeleton (D:4)
  2 iguanas
  4 worker ants
  Terence (D:2)
  A killer bee zombie (D:7)
  2 hound zombies
  3 gnolls (D:7)
  8 adders
  3 shadow imps
  An ooze (D:1)
  An adder zombie (D:5)
  3 worms
  5 dart slugs
  3 leopard geckos
  24 orcs
  9 bats
  7 giant cockroaches
  8 goblins
  8 hobgoblins
  7 jackals
  15 kobolds
  6 quokkas
  A ball python (D:3)
  6 frilled lizards
  A jackal skeleton (D:5)
  A leopard gecko zombie (D:7)
  8 rats
189 creatures vanquished.

Notes
Turn   | Place    | Note
-------+----------+-------------------------------------------
     0 | D:1      | Peloso the Ghoul Fighter began the quest for the Orb.
     0 | D:1      | Reached XP level 1. HP: 19/19 MP: 0/0
   141 | D:1      | Reached XP level 2. HP: 16/26 MP: 1/1
   283 | D:1      | Reached skill level 2 in Long Blades
   494 | D:1      | Reached XP level 3. HP: 31/31 MP: 2/2
   978 | D:2      | Reached XP level 4. HP: 22/38 MP: 3/3
   986 | D:2      | Noticed Terence
  1130 | D:2      | Killed Terence
  1130 | D:2      | Reached skill level 3 in Long Blades
  1204 | D:2      | Reached XP level 5. HP: 27/45 MP: 4/4
  1262 | D:2      | Reached skill level 1 in Dodging
  1700 | D:3      | Found a shadowy altar of Dithmenos.
  1702 | D:3      | Noticed afaerae's ghost (amateur OgHu)
  1721 | D:3      | Killed afaerae's ghost
  1721 | D:3      | Reached XP level 6. HP: 36/51 MP: 5/5
  2400 | D:4      | Found an iron altar of Okawaru.
  2403 | D:4      | Became a worshipper of Warmaster Okawaru
  2470 | D:4      | Noticed Dolanko's ghost (amateur DrGl)
  2489 | D:4      | HP: 2/52 [Dolanko's ghost (6)]
  2499 | D:4      | HP: 2/52 [orc/mace (4)]
  2513 | D:4      | Reached skill level 4 in Long Blades
  3712 | D:5      | Entered Level 5 of the Dungeon
  3769 | D:5      | Got a scorched plate armour
  3780 | D:5      | Identified the cursed +1 plate armour of Bafar {Str-5 Int+4 Dex+6 SInv} (You found it on level 5 of the Dungeon)
  3869 | D:5      | Reached XP level 7. HP: 47/56 MP: 6/6
  4176 | D:5      | Found a blossoming altar of Fedhas.
  4176 | D:5      | Found a shattered altar of Ashenzari.
  4439 | D:6      | You fall through a shaft!
  4448 | D:7      | Found a shattered altar of Ashenzari.
  4469 | D:6      | Noticed Menkaure
  4478 | D:6      | Killed Menkaure
  4478 | D:6      | Reached * piety under Okawaru
  4478 | D:6      | Reached skill level 5 in Long Blades
  4585 | D:6      | Reached skill level 5 in Shields
  4608 | D:6      | Reached XP level 8. HP: 60/67 MP: 7/7
  4897 | D:6      | Reached ** piety under Okawaru
  5034 | D:6      | Reached skill level 6 in Long Blades
  5434 | D:4      | HP: 3/67 [Dolanko's ghost (6)]
  5440 | D:4      | HP: 2/67 [Dolanko's ghost (10)]
  5448 | D:4      | Killed Dolanko's ghost
  5448 | D:4      | Reached skill level 5 in Fighting
  5448 | D:4      | Reached XP level 9. HP: 14/74 MP: 5/8
  5854 | D:7      | Reached skill level 7 in Long Blades
  5854 | D:7      | Reached skill level 5 in Armour
  6384 | D:7      | Reached *** piety under Okawaru
  6444 | D:7      | Got a crude wooden ring
  6494 | D:7      | Found a staircase to the Ecumenical Temple.
  6667 | D:7      | Reached skill level 1 in Invocations
  6745 | D:7      | Reached skill level 8 in Long Blades
  6758 | D:7      | Reached XP level 10. HP: 78/84 MP: 9/9
  7288 | D:8      | Reached **** piety under Okawaru
  7630 | D:7      | Reached skill level 9 in Long Blades
  7669 | D:7      | HP: 3/84 [orc warrior/glaive (16)]
  7669 | D:7      | Killed from afar by an orc priest

Skill      XL: |  1  2  3  4  5  6  7  8  9 10 |
---------------+-------------------------------+-----
Armour         | 3 4 5 6 |  6.0
Long Blades    | 2 3 4 5 6 8 9 |  9.0
Shields        | 3 4 5 6 |  6.9
Dodging        | 1 2 |  2.1
Fighting       | 4 5 6 |  6.6
Invocations    | 1 |  1.4
Stealth        | |  0.5

Action                   |  1- 3 |  4- 6 |  7- 9 | 10-12 || total
-------------------------+-------+-------+-------+-------++-------
Melee: Long sword        |   142 |   334 |   455 |   132 ||  1063
Invok: Heroism           |       |       |     6 |     1 ||     7
Evoke: Wand              |       |       |     1 |       ||     1
  Use: Scroll            |       |    11 |     6 |       ||    17
       Potion            |       |     3 |     4 |       ||     7
  Eat: Chunk             |     4 |    20 |    20 |     5 ||    49
Armor: Scale mail        |    85 |    14 |       |       ||    99
       Chain mail        |       |   158 |    58 |       ||   216
       Plate armour      |       |    17 |   186 |    46 ||   249
Dodge: Dodged            |    58 |    82 |    65 |    17 ||   222
Block: Shield            |    77 |   202 |   215 |    72 ||   566
       Rpst.: Long sword |    13 |    30 |    16 |     2 ||    61
